 Dungeon Crawl Stone Soup version 0.22-a0-439-gac93bac (webtiles) character file.

58 iamserjio the Skirmisher (level 4, -6/24 HPs)
             Began as a Vine Stalker Fighter on May 29, 2018.
             Mangled by an ogre
             ... wielding a +0 giant club
              (19 damage)
             ... on level 2 of the Dungeon.
             The game lasted 00:02:18 (1128 turns).

iamserjio the Skirmisher (Vine Stalker Fighter)     Turns: 1128, Time: 00:02:19

Health: -6/24      AC:  6    Str: 19    XL:     4   Next: 2%
Magic:  0/5        EV:  7    Int:  8    God:
Gold:   115        SH:  9    Dex: 14    Spells: 3/3 levels left

rFire    . . .     SeeInvis .   a - +0 war axe
rCold    . . .     Gourm    .   c - +0 shield
rNeg     . . .     Faith    .   b - +0 scale mail
rPois    .         Spirit   +   (no helmet)
rElec    .         Reflect  .   (no cloak)
rCorr    .         Harm     .   (no gloves)
MR       .....                  (no boots)
Stlth    ..........             (no amulet)
HPRegen  0.48/turn              (no ring)
MPRegen  0.09/turn              (no ring)

@: no status effects
A: fangs 2, regeneration 1, magic shield, antimagic bite, no potion heal 3, rot
immunity
a: no special abilities


You were on level 2 of the Dungeon.
You were hungry.

You visited 1 branch of the dungeon, and saw 2 of its levels.

You collected 115 gold pieces.

Inventory:

Hand Weapons
 a - a +0 war axe (weapon)
Armour
 b - a +0 scale mail (worn)
 c - a +0 shield (worn)
 i - a cursed -2 ring mail
 m - a +0 chain mail
Wands
 n - a wand of polymorph (5)
Scrolls
 e - 2 scrolls of remove curse {unknown}
 g - a scroll of identify {unknown}
 k - a scroll of noise {unknown}
 l - a scroll of enchant armour {unknown}
 o - a scroll of fear {unknown}
 q - a scroll of teleportation {unknown}
Potions
 d - a potion of might
 h - 2 potions of curing {unknown}
 j - a potion of cancellation {unknown}
 p - a potion of lignification {unknown}
Comestibles
 f - 4 rations


   Skills:
 + Level 3.0 Fighting
 * Level 2.7 Axes
 + Level 2.7 Armour
 + Level 3.0 Shields


You had 3 spell levels left.
You didn't know any spells.
Your spell library was empty.

Dungeon Overview and Level Annotations

Branches:
Dungeon (2/15)

Altars:


Innate Abilities, Weirdness & Mutations

You have extremely sharp teeth.
Your natural rate of healing is unusually fast.
When hurt, damage is shared between your health and your magic reserves.
Your bite disrupts and absorbs the magic of your enemies.
Potions cannot restore your health.
You are immune to rotting.


Message History

You closely miss the ogre. You bite the ogre, but do no damage.
The ogre is heavily wounded.
You block the ogre's attack.
You hit the ogre but do no damage.
The ogre is heavily wounded.
The ogre hits you with a giant club!!
Ouch! That really hurt!
* * * LOW HITPOINT WARNING * * *
You hit the ogre.
The ogre is heavily wounded.
The ogre barely misses you.
You slash the ogre!
The ogre is almost dead.
The ogre hits you with a giant club!
You closely miss the ogre. You bite the ogre. You drain its power.
You feel invigorated.
The ogre is almost dead.
The ogre hits you with a giant club!!
Ouch! That really hurt!
You die...

....# ###...# ...##
#.....##### ..## #.#(...[...
.## #..(####### ## #...#
#####...# ###... ...#..(#
.[..# ##.#...##### #..# #####
#........@.# #..# #..#...###O#
#..# #......###.# #..#
#(##.......# #.[#
########.##..###..#########..#
.........##..#
#.............###
###########..#
##.########.....#
###########..# #.# #.#†#.##
.............## #.# #.#.....


You could see an ogre.

Vanquished Creatures
  An adder (D:2)
  2 worms (D:2)
  3 leopard geckos
  3 giant cockroaches (D:1)
  7 goblins
  4 hobgoblins
  A quokka (D:2)
  3 bats (D:1)
  3 frilled lizards
  7 kobolds
  7 rats
41 creatures vanquished.

Notes
Turn   | Place    | Note
-------+----------+-------------------------------------------
     0 | D:1      | iamserjio the Vine Stalker Fighter began the quest for the Orb.
     0 | D:1      | Reached XP level 1. HP: 11/11 MP: 2/2
    51 | D:1      | Reached XP level 2. HP: 8/16 MP: 1/3
   456 | D:1      | Reached XP level 3. HP: 19/19 MP: 4/4
  1019 | D:2      | Gained mutation: Your natural rate of healing is unusually fast. [Vine Stalker growth]
  1019 | D:2      | Reached XP level 4. HP: 22/24 MP: 5/5
  1054 | D:2      | Noticed an ogre
  1128 | D:2      | Mangled by an ogre

Vault maps used:
D:1:      minmay_arrival_three_doors
D:2:      yredelemnul_forgotten_temple_becter, minmay_lizard_pond

Skill      XL: |  1  2  3 |
---------------+----------+-----
Axes           | 2 |  2.7
Fighting       | 3 |  3.0
Shields        | 3 |  3.0
Armour         | |  2.7

Action                   |  1- 3 |  4- 6 || total
-------------------------+-------+-------++-------
Melee: War axe           |   105 |     9 ||   114
       Bite              |    25 |     5 ||    30
Armor: Scale mail        |    44 |     2 ||    46
Dodge: Dodged            |    37 |     1 ||    38
Block: Shield            |    54 |     1 ||    55

Table legend:
 A = Spawn XP
 B = Non-spawn XP
 C = Spawn XP percentage of total XP
 D = Spawn monster count
 E = Non-spawn monster count
 F = Spawn count percentage of total count
 G = Total turns spent on level
                    A         B        C        D         E        F      G
               +---------+---------+-------+---------+---------+-------+---------
         Total |       0 |      84 |   0.0 |       0 |      41 |   0.0 |  1128
               +---------+---------+-------+---------+---------+-------+---------
           D:1 |       0 |      48 |   0.0 |       0 |      30 |   0.0 |   653
           D:2 |       0 |      36 |   0.0 |       0 |      11 |   0.0 |   475
               +---------+---------+-------+---------+---------+-------+---------
